 Dungeon Crawl Stone Soup version 0.31-a0-210-gccc998df9b (webtiles) character file.

Game seed: 1521764051322800597

38 qw the Shooter (level 3, -1/21 HPs)
             Began as a Gargoyle Hexslinger on June 30, 2023.
             Slain by an orc
             ... wielding a +0 short sword
              (5 damage)
             ... on level 2 of the Dungeon.
             The game lasted 00:00:24 (1029 turns).

qw the Shooter (Gargoyle Hexslinger)                Turns: 1029, Time: 00:00:25

Health: -1/21      AC:  8    Str: 11    XL:     3   Next: 43%
Magic:  4/4        EV: 10    Int: 13    God:
Gold:   76         SH:  0    Dex: 14    Spells: 3/4 levels left

rFire   . . .        Y - +2 sling (drain)
rCold   . . .        (no shield)
rNeg    + . .        d - +0 ring mail
rPois   inf          (no helmet)
rElec   +            (no cloak)
rCorr   .            (no gloves)
SInv    .            (no boots)
Will    .....        (no amulet) Stlth
                     (no ring)
HPRegen 0.23/turn    (no ring)
MPRegen 0.09/turn

%: no passive effects
@: confused
A: sickness immunity, AC +3, negative energy resistance 1, electricity
resistance, torment resistance 1, petrification resistance
a: no special abilities


You were on level 2 of the Dungeon.
You visited 1 branch of the dungeon, and saw 2 of its levels.

You collected 76 gold pieces.


Innate Abilities, Weirdness & Mutations

You are immune to sickness and miasma.
Your stone body is resilient. (AC +3)
You are immune to poison.
You resist negative energy. (rN+)
You are resistant to electric shocks. (rElec)
You are resistant to unholy torment.
You are immune to petrification.


   Skills:
 - Level 2.0 Fighting
 + Level 3.4 Ranged Weapons
 - Level 1.5 Dodging
 - Level 1.0 Spellcasting
 - Level 2.6 Hexes


You had 3 spell levels left.
You knew the following spells:

 Your Spells              Type           Power      Damage    Failure   Level
a - Slow                  Hex            28%        N/A       22%         1

Your spell library contained the following spells:

 Spells                   Type           Power      Damage    Failure   Level
 Inner Flame              Hex/Fire       4%         N/A       75%         3
 Portal Projectile        Hex/Tloc       8%         N/A       75%         3
 Cause Fear               Hex            3%         N/A       92%         4

Inventory:

Hand Weapons
 Y - a +2 sling of draining (weapon)
Armour
 d - a +0 ring mail (worn)
Scrolls
 f - 2 scrolls of identify
Potions
 k - a potion of haste

Dungeon Overview and Level Annotations

Branches:
Dungeon (2/15)

Altars:


Message History

The orc wizard points at you and mumbles some strange words.
The puff of flame hits you but does no damage.
You hear a shout!
You shoot a sling bullet.
The sling bullet hits the orc wizard but does no damage.
You shoot a sling bullet.
The sling bullet closely misses the orc wizard.
An orc comes into view. It is wielding a +0 short sword. x2
You shoot a sling bullet. The orc shouts!
The sling bullet hits the orc wizard.
You drain the orc wizard.
The orc wizard is severely wounded.
You hear a shout! x2; You hear an angry hiss.
The orc wizard points at you and mumbles some strange words.
The puff of flame misses you.
You shoot a sling bullet.
The sling bullet hits the orc wizard but does no damage.
You drain the orc wizard.
The orc wizard is severely wounded.
An orc comes into view. It is wielding a +0 mace.
An orc comes into view. It is wielding a +0 morningstar.
You shoot a sling bullet.
The sling bullet barely misses the orc wizard.
An adder comes into view.
The orc wizard points at you and mumbles some strange words.
The puff of flame hits you!
Ouch! That really hurt!
The orc wizard points at you and mumbles some strange words.
You are confused.
The orc wizard casts a spell at you. The puff of flame hits you!
The orc wizard gestures at you while chanting.
You resist with some effort. The orc barely misses you.
The orc hits you but does no damage.
The orc wizard casts a spell.
The orc wizard flickers and vanishes!
Deactivating autopickup; reactivate with Ctrl-A.
The orc closely misses you. The orc hits you but does no damage.
The orc hits you with a +0 short sword.
You die... ..........# ..........# >.........# ..........###....... ............#....... ...{oo. #.#....... #Soo#

#.#....... #@#
#.#....... #.#
#.#.......
#######.###.#.......
............'.......
#######...#.#.......
...#........#.......
#.##.#..:...........
#.##.###.#.#########
#.##..##.#.#


You could see an adder and 4 orcs.

Vanquished Creatures
  A gnoll (D:1)
  4 bats (D:1)
  4 endoplasms (D:1)
  A giant cockroach (D:1)
  A goblin (D:1)
  3 hobgoblins (D:1)
  2 quokkas
  4 ball pythons (D:1)
  A frilled lizard (D:1)
  2 kobolds (D:1)
  4 rats (D:1)
27 creatures vanquished.

Notes
Turn   | Place    | Note
-------+----------+-------------------------------------------
     0 | D:1      | qw the Gargoyle Hexslinger began the quest for the Orb.
     0 | D:1      | Reached XP level 1. HP: 12/12 MP: 2/2
     0 | D:1      | 0 ||| qw: Version: 0.3-a-26-gee661ec
     0 | D:1      | 0 ||| qw: Game counter: 7212
     0 | D:1      | 0 ||| qw: Melee chars always use a shield: true
     0 | D:1      | 0 ||| qw: God list: Okawaru
     0 | D:1      | 0 ||| qw: Allow faded altars: false
     0 | D:1      | 0 ||| qw: Do Orc after clearing Dungeon:15 true
     0 | D:1      | 0 ||| qw: Do second Lair branch before Depths: true
     0 | D:1      | 0 ||| qw: Lair rune preference: random
     0 | D:1      | 0 ||| qw: Goals: Normal
     0 | D:1      | 0 ||| PLANNING D:1-11
   199 | D:1      | Reached XP level 2. HP: 15/16 MP: 3/3
   263 | D:1      | Reached skill level 3 in Ranged Weapons
   366 | D:1      | Reached XP level 3. HP: 13/21 MP: 4/4
   366 | D:1      | 366 ||| FLEEEEING.
   472 | D:1      | HP: 3/21 [hobgoblin (4)]
   956 | D:1      | 956 ||| UPGRADING to +0 ring mail.
   966 | D:1      | 966 ||| DROPPING +0 robe.
   967 | D:1      | 967 ||| READING 3 scrolls labelled QOLUJI JOEG.
   968 | D:1      | 968 ||| READING 4 scrolls labelled UNUKEE RAP FUT.
   969 | D:1      | 969 ||| READING scroll labelled CAR HORANON.
   970 | D:1      | 970 ||| READING scroll labelled IQAXTIE JELIE.
   971 | D:1      | 971 ||| READING scroll labelled ZOEHOJ ERRE.
   972 | D:1      | 972 ||| READING scroll labelled ZUNKIL FAIBIUN.
   973 | D:1      | 973 ||| READING 3 scrolls of identify.
   973 | D:1      | 973 ||| IDENTIFYING glowing purple potion
   974 | D:1      | 974 ||| DROPPING 2 scrolls of amnesia.
   975 | D:1      | 975 ||| DROPPING scroll of poison.
  1024 | D:2      | HP: 3/21 [orc wizard/puff of flame (7)]
  1029 | D:2      | Slain by an orc

Levels and vault maps discovered:
D:1:      minmay_arrival_three_doors, layout_basic
D:2:      layout_basic, serial_shops, shop

Skill      XL: |  1  2 |
---------------+-------+-----
Ranged Weapons | 3 |  3.4
Fighting       | 2 |  2.0
Dodging        | |  1.5
Spellcasting   | |  1.0
Hexes          | |  2.6

Action                     || total
---------------------------++-------
   Fire: Sling             ||    94
    Use: Scroll            ||     7
 Armour: Robe              ||    15
         Ring mail         ||     3
  Dodge: Dodged            ||    34

Table legend:
 A = Non-vault XP
 B = Vault XP
 C = Vault XP percentage of total XP
 D = Non-vault monster count
 E = Vault monster count
 F = Vault count percentage of total count
                 A         B        C        D         E       F
            +---------+---------+-------+---------+---------+-------
      Total |      55 |       0 |   0.0 |      27 |       0 |   0.0
            +---------+---------+-------+---------+---------+-------
        D:1 |      53 |       0 |   0.0 |      26 |       0 |   0.0
        D:2 |       2 |       0 |   0.0 |       1 |       0 |   0.0
            +---------+---------+-------+---------+---------+-------
